AoeStats
← Wit Ridder

Black Forest

510060697Analyzed
4v4 RM · 3d ago on Sep 29, 2026· 66m 2s· 8 players
Game mode
Random Map
Map size
Large (8 player)
Population
200
Speed
Normal
Resources
Standard
Victory
Conquest
Starting age
Dark Age
Ending age
Imperial Age
RankedLock teamsTeams togetherTeam positionsShared explorationLock speedFull tech treeHidden civsTurbo modeCheats
Victory
Defeat
🇹🇷 Aztecs · Türkiye
767
+16
🇿🇦 Bohemians · South Africa
694
+19
🇺🇸 Goths · United States
650
+20
🇮🇩 Danes · Indonesia
623
+21
🇭🇰 Britons · Hong Kong SAR China
822
-22
🇲🇽 Burgundians · Mexico
816
-22
🇹🇭 Goths · Thailand
787
-20
🇺🇸 Franks · United States
581
-12
Sweet Lady
1:39 Loom
17:46 Feudal Age
20:36 Fishing Lines
20:53 Stone Mining
21:00 Gold Mining
24:13 Castle Age
23:05 Double-Bit Axe
24:53 Gillnets
28:47 Wheelbarrow
28:53 Stone Shaft Mining
28:09 Man-at-Arms
28:56 Scale Mail Armor
29:41 Long Swordsman
30:50 Anarchy
30:18 Pikeman
31:36 Masonry
31:18 Heated Shot
31:18 Light Cavalry
32:05 Squires
34:40 Chain Mail Armor
41:40 Imperial Age
39:22 Husbandry
39:33 Bloodlines
41:15 Caravan
41:33 Hand Cart
41:38 Treadmill Crane
41:54 Heated Shot
42:22 Perfusion
43:20 Forging
43:45 Two-Handed Swordsman
45:06 Iron Casting
44:15 Champion
47:29 Halberdier
50:41 Conscription
49:43 Elite Huskarl
50:49 Horse Collar
51:21 Bow Saw
52:44 Heavy Plow
61:43 Crop Rotation
66:50 Two-Man Saw
Wit Ridder
0:47 Loom
15:34 Feudal Age
16:12 Double-Bit Axe
17:30 Horse Collar
26:36 Castle Age
27:51 Heavy Plow
37:12 Imperial Age
37:18 Imperial Age
34:56 Caravan
35:02 Pikeman
35:42 Squires
35:28 Arson
37:03 Chemistry
36:00 Murder Holes
36:26 Ballistics
38:17 Bow Saw
39:16 Halberdier
44:45 Houfnice
49:47 Sappers
50:38 Conscription
50:32 Fortified Wall
51:33 Fletching
51:54 Forging
51:45 Scale Mail Armor
51:50 Scale Barding Armor
51:46 Padded Archer Armor
57:01 Iron Casting
56:41 Chain Mail Armor
56:47 Chain Barding Armor
56:42 Leather Archer Armor
56:23 Bodkin Arrow
55:51 Elite Hussite Wagon
60:32 Wagenburg Tactics
60:32 Hussite Reforms
Passdespoir
0:41 Loom
14:18 Feudal Age
14:54 Double-Bit Axe
20:21 Castle Age
22:47 Forging
22:38 Scale Mail Armor
23:57 Gold Mining
26:10 Bow Saw
26:04 Horse Collar
27:07 Pikeman
27:10 Eagle Warrior
28:36 Iron Casting
28:17 Chain Mail Armor
28:39 Squires
33:09 Arson
40:13 Elite Skirmisher
41:45 Atlatl
53:58 Imperial Age
60:32 Garland Wars
60:42 Conscription
61:14 Onager
BlueGuardian
11:26 Loom
13:21 Feudal Age
14:06 Double-Bit Axe
14:02 Horse Collar
14:07 Fishing Lines
21:01 Castle Age
19:50 Wheelbarrow
19:09 Gold Mining
19:10 Stone Mining
20:08 Forging
21:08 Scale Mail Armor
22:06 Bow Saw
21:58 Heavy Plow
29:10 Imperial Age
28:13 Hand Cart
28:10 Pikeman
28:52 Squires
29:29 Iron Casting
30:00 Gold Shaft Mining
30:03 Stone Shaft Mining
29:42 Onager
31:30 Chain Mail Armor
31:39 Hamask
33:11 Siege Engineers
33:02 Halberdier
33:41 Northmen's Fury
36:15 Man-at-Arms
36:49 Long Swordsman
37:01 Hamask
37:27 Elite Varangian Guard
39:49 Plate Mail Armor
40:12 Gambesons
43:24 Blast Furnace
43:03 Ballistics
43:48 Conscription
43:08 Elite Jomsviking
44:14 Two-Handed Swordsman
45:22 Champion
53:01 Arson
63:48 Caravan
j.quintero_1988
1:08 Loom
13:31 Wheelbarrow
16:15 Feudal Age
16:46 Horse Collar
16:56 Double-Bit Axe
21:46 Castle Age
20:06 Bow Saw
27:17 Imperial Age
25:34 Fishing Lines
29:22 Chemistry
29:07 Hand Cart
29:01 Treadmill Crane
31:22 Two-Man Saw
30:28 Heavy Plow
30:23 Gillnets
33:46 Town Watch
SolitaryPilgrim
9:24 Feudal Age
12:38 Wheelbarrow
11:51 Double-Bit Axe
20:02 Castle Age
21:10 Bow Saw
21:18 Hand Cart
20:56 Gold Mining
21:38 Stone Mining
23:26 Husbandry
25:13 Squires
24:33 Pikeman
24:59 Arson
24:42 Elite Skirmisher
28:48 Caravan
29:38 Gold Shaft Mining
29:12 Murder Holes
29:28 Masonry
33:45 Imperial Age
37:27 Cavalier
37:55 Arrowslits
39:13 Chemistry
38:44 Architecture
38:19 Padded Archer Armor
38:09 Fletching
38:30 Forging
38:20 Scale Mail Armor
38:26 Scale Barding Armor
38:32 Loom
40:18 Town Watch
45:30 Town Patrol
47:07 Ballistics
46:55 Siege Engineers
46:31 Treadmill Crane
47:12 Leather Archer Armor
46:52 Bodkin Arrow
54:31 Elite Throwing Axeman
55:46 Hoardings
56:33 Paladin
舒服
0:37 Loom
11:05 Feudal Age
17:56 Castle Age
23:47 Imperial Age
23:34 Double-Bit Axe
23:46 Horse Collar
24:03 Gold Mining
26:53 Bow Saw
26:47 Caravan
27:43 Heavy Plow
32:11 Ballistics
32:43 Wheelbarrow
33:47 Chemistry
32:39 Fletching
32:50 Padded Archer Armor
34:18 Fortified Wall
34:40 Bodkin Arrow
35:00 Leather Archer Armor
35:47 Two-Man Saw
36:16 Gold Shaft Mining
35:33 Stone Mining
35:47 Pikeman
36:28 Squires
37:30 Yeomen
37:33 Bracer
39:29 Ring Archer Armor
39:10 Forging
39:00 Scale Mail Armor
39:43 Elite Longbowman
43:52 Hand Cart
44:17 Halberdier
46:43 Chain Mail Armor
47:03 Iron Casting
48:52 Cavalier
49:33 Husbandry
50:19 Scale Barding Armor
51:57 Chain Barding Armor
53:38 Plate Barding Armor
61:46 Warwolf
cheo
2:34 Loom
17:04 Feudal Age
24:47 Castle Age
23:37 Horse Collar
23:52 Double-Bit Axe
24:02 Gold Mining
24:02 Stone Mining
24:56 Scale Mail Armor
25:07 Forging
28:15 Squires
28:36 Bow Saw
29:13 Stone Shaft Mining
34:12 Iron Casting
33:52 Chain Mail Armor
36:12 Imperial Age
33:32 Town Watch
34:23 Wheelbarrow
34:02 Anarchy
42:11 Heavy Plow
44:21 Conscription
43:22 Elite Huskarl
44:06 Perfusion
51:21 Two-Man Saw
50:35 Caravan
51:12 Ballistics
53:55 Murder Holes
57:03 Blast Furnace
Connection lost

Rejoining the realm…

Still unreachable

The connection could not be restored.

Session expired

The server has moved on; the page needs a fresh start.